Ducks vs Golden Knights

Created - April 18, 2024 at 22:45

Goals
1 2 3 T
Ducks 0 2 1 3
Golden Knights 3 0 3 6
Shots
1 2 3 T
Ducks 2 6 11 19
Golden Knights 22 15 4 41

1st period

1. Golden Knights , Kaiden Guhle 5 (James van Riemsdyk 20, Jordan Staal 19) at 0:10
2. Golden Knights , Kaiden Guhle 6 (Matthew Beniers 32, Oliver Ekman-Larsson 42) at 9:38
3. Golden Knights , Oliver Ekman-Larsson 7 (Noah Gregor 11, Kaiden Guhle 14) at 16:45

Penalties :
Nathan Bastian (ANA) for Hooking (Minor) at 5:48, Seth Helgeson (ANA) for Hooking (Minor) at 17:40

2nd period

4. Ducks , Timo Meier 29 (Devon Toews 40, Corey Schueneman 11) at 5:17
5. Ducks , Alexey Toropchenko 15 (Devon Toews 41, Nathan Bastian 6) at 8:25

Penalties :
Brandon Hickey (ANA) for Hooking (Minor) at 1:17, Travis Howe (ANA) for Tripping (Minor) at 6:02, Seth Helgeson (ANA) for Cross-checking (Minor) at 16:38

3rd period

6. Golden Knights , John Hayden 7 (Zemgus Girgensons 28) at 10:31
7. Golden Knights , James van Riemsdyk 21 (Oliver Ekman-Larsson 43, Pierre Engvall 20) at 11:24 (PP)
8. Ducks , Nathan Bastian 7 (Alexey Toropchenko 18, Brandon Hickey 5) at 16:20
9. Golden Knights , Zemgus Girgensons 12 (Matthew Beniers 33, John Hayden 10) at 16:30

Penalties :
John Hayden (LVG) for Cross-checking (Minor) at 7:32, Andrei Svechnikov (ANA) for Hooking (Minor) at 10:57, Jonas Siegenthaler (LVG) for Slashing (Minor) at 13:54, Braden Schneider (LVG) for Holding (Minor) at 19:09

Goalie Stats

Anton Khudobin (ANA), 35 saves from 41 shots - (0.854), L, 5-20-3, 60:00 minutes
Brandon Bussi (LVG), 16 saves from 19 shots - (0.842), W, 2-0-0, 60:00 minutes

Players Stats for Ducks

Player Name              G  A  P  +/- PIM S  H  SB GA TA FO     MP     PP MP  PK MP  
------------------------------------------------------------------------------------
Alexey Toropchenko       1  1  2   1  0   3  1  0  0  0  0/1    11:58   0:08   0:00 
Andrei Svechnikov        0  0  0  -3  2   2  0  1  0  0  5/15   17:30   0:08   6:33 
Anthony Vincent          0  0  0   1  0   0  1  0  0  0  5/10   11:50   0:00   0:00 
Brandon Hickey           0  1  1  -1  2   0  3  0  0  0  0/0    13:49   0:00   0:00 
Brennan Saulnier         0  0  0  -3  0   0  0  0  0  0  8/13   10:50   0:00   0:00 
Corey Schueneman         0  1  1  -1  0   1  0  0  0  0  0/0    17:28   1:54   1:53 
Devon Toews              0  2  2  -1  0   3  4  2  0  0  0/0    22:20   2:48   5:51 
Dylan McIlrath           0  0  0   0  0   1  2  1  0  0  0/0    24:44   2:46   4:39 
Henrik Borgstrom         0  0  0  -1  0   2  4  0  0  0  12/21  14:20   2:24   0:30 
Jack Dougherty           0  0  0   0  0   0  1  1  0  0  0/0    19:54   2:00   0:35 
Jacob Perreault          0  0  0  -1  0   1  2  0  0  0  2/5    17:01   2:16   3:19 
Kurtis MacDermid         0  0  0   1  0   0  2  1  0  0  5/13   15:57   0:08   5:05 
Nathan Bastian           1  1  2   1  2   3  3  0  0  0  0/0    11:57   0:08   0:00 
Nicholas Caamano         0  0  0   1  0   1  2  0  0  0  0/1    16:27   2:24   3:19 
Ryan Wagner              0  0  0  -3  0   1  1  0  0  0  0/2    19:53   2:24   6:39 
Seth Helgeson            0  0  0  -1  4   0  6  1  0  0  0/0    16:26   0:00   2:38 
Timo Meier               1  0  1   1  0   1  0  0  0  0  0/4    13:24   2:16   0:24 
Travis Howe              0  0  0  -1  2   0  0  0  0  0  1/1    13:44   2:16   0:03 

Players Stats for Golden Knights

Player Name              G  A  P  +/- PIM S  H  SB GA TA FO     MP     PP MP  PK MP  
------------------------------------------------------------------------------------
Bowen Byram              0  0  0  -2  0   4  2  0  0  0  0/0    20:58   5:10   3:18 
Braden Schneider         0  0  0   1  2   4  0  1  0  0  0/0    21:20   5:12   2:02 
Brendan Gallagher        0  0  0   0  0   0  0  0  0  0  0/0     0:00   0:00   0:00 
Curtis McKenzie          0  0  0  -2  0   0  1  0  0  0  1/1     9:24   0:00   0:00 
James van Riemsdyk       1  1  2   1  0   2  0  1  0  0  2/2    16:01   5:39   1:21 
Jesper Boqvist           0  0  0   1  0   1  0  0  0  0  1/1    13:32   0:00   1:06 
Jesse Puljujarvi         0  0  0  -2  0   0  0  0  0  0  0/0     9:24   0:00   0:00 
John Hayden              1  1  2   2  2   2  2  0  0  0  2/3    13:58   0:00   0:00 
Jonas Siegenthaler       0  0  0  -3  2   2  0  1  0  0  0/0    24:49   5:10   1:04 
Jordan Staal             0  1  1  -1  0   2  1  1  0  0  9/18   21:32   4:43   0:00 
Kaiden Guhle             2  1  3   4  0   4  0  0  0  0  0/0    11:02   0:00   0:06 
Matthew Beniers          0  2  2   2  0   8  1  0  0  0  14/22  21:09   4:43   2:27 
Morgan Barron            0  0  0   1  0   2  0  0  0  0  17/34  20:56   5:35   2:55 
Noah Gregor              0  1  1   1  0   1  1  0  0  0  0/1    14:06   0:04   0:00 
Oliver Ekman-Larsson     1  2  3   3  0   4  2  0  0  0  0/0    24:46   5:08   1:30 
Pierre Engvall           0  1  1   1  0   1  0  0  0  0  1/3    16:01   5:39   1:21 
Ryan Murray              0  0  0   1  0   0  0  1  0  0  0/0    17:03   0:04   1:36 
Zemgus Girgensons        1  1  2   2  0   4  0  0  0  0  1/1    19:08   4:43   0:26 

3 Stars

1 - Kaiden Guhle (LVG)
2 - Oliver Ekman-Larsson (LVG)
3 - Zemgus Girgensons (LVG)

Power Play

Ducks - 0 on 3 Attempt(s) - 0.00%
Golden Knights - 1 on 6 Attempt(s) - 16.67%

Penalty Kill

Ducks - 5 on 6 Attempt(s) - 83.33% - Score 0 goal in Penalty Kill
Golden Knights - 3 on 3 Attempt(s) - 100.00% - Score 0 goal in Penalty Kill

Team Stat

Ducks - Hits : 32 - Faceoff Wins : 38 - Blocked Shots : 7 - Penalty Minutes : 12
Golden Knights - Hits : 10 - Faceoff Wins : 48 - Blocked Shots : 5 - Penalty Minutes : 6

Official

Referees : Kelly Sutherland and Brandon Schrader
Linesman : Brandon Gawryletz and Jonathan Deschamps

Game Notes

No Game Note

Finance

Level 1 -- Attendance: 6000 (100.00%) -- Ticket Income $390,000
Level 2 -- Attendance: 5000 (100.00%) -- Ticket Income $225,000
Level 3 -- Attendance: 2000 (100.00%) -- Ticket Income $80,000
Level 4 -- Attendance: 4000 (100.00%) -- Ticket Income $140,000
Luxury Box -- Attendance: 1000 (100.00%) -- Ticket Income $100,000
Game was played at the T-Mobile Center.
Total Attendance: 18000 (100.00%)
Total Ticket Income: $935,000
Other Income: $458,150
Total Income: $1,393,150

Ducks

5 vs 5 Forward 
   Center                   Left Wing                Right Wing               Time % Phy DF OF 
 1 Henrik Borgstrom         Travis Howe              Jacob Perreault          25     3   1  1  
 2 Anthony Vincent          Alexey Toropchenko       Nathan Bastian           25     3   1  1  
 3 Kurtis MacDermid         Nicholas Caamano         Timo Meier               25     3   1  1  
 4 Brennan Saulnier         Ryan Wagner              Andrei Svechnikov        25     3   1  1  

5 vs 5 Defense 
   Defense                  Defense                                           Time % Phy DF OF 
 1 Seth Helgeson            Brandon Hickey                                    25     3   1  1  
 2 Jack Dougherty           Dylan McIlrath                                    25     3   1  1  
 3 Devon Toews              Corey Schueneman                                  25     3   1  1  
 4 Jack Dougherty           Dylan McIlrath                                    25     3   1  1  

PowerPlay Forward 
   Center                   Left Wing                Right Wing               Time % Phy DF OF 
 1 Henrik Borgstrom         Nicholas Caamano         Ryan Wagner              60     1   2  2  
 2 Timo Meier               Jacob Perreault          Travis Howe              40     1   2  2  

PowerPlay Defense
   Defense                  Defense                                           Time % Phy DF OF 
 1 Dylan McIlrath           Jack Dougherty                                    60     1   2  2  
 2 Jack Dougherty           Dylan McIlrath                                    40     1   2  2  

Penalty Kill 4 Players Forward 
   Center                   Wing                     Time % Phy DF OF 
 1 Andrei Svechnikov        Ryan Wagner              60     1   2  2  
 2 Jacob Perreault          Nicholas Caamano         40     1   2  2  

Penalty Kill 4 Players Defense
   Defense                  Defense                  Time % Phy DF OF 
 1 Kurtis MacDermid         Devon Toews              60     1   2  2  
 2 Seth Helgeson            Dylan McIlrath           40     1   2  2  

Penalty Kill - 3 Players Forward 
   Forward                                           Time % Phy DF OF 
 1 Nicholas Caamano                                  60     1   2  2  
 2 Anthony Vincent                                   40     1   2  2  

Penalty Kill - 3 Players Defense
   Defense                  Defense                  Time % Phy DF OF 
 1 Seth Helgeson            Devon Toews              60     1   2  2  
 2 Seth Helgeson            Dylan McIlrath           40     1   2  2  

4 vs 4 Forward 
   Center                   Wing                     Time % Phy DF OF 
 1 Anthony Vincent          Nicholas Caamano         60     1   2  2  
 2 Travis Howe              Henrik Borgstrom         40     1   2  2  

4 vs 4 Defense
   Defense                  Defense                  Time % Phy DF OF 
 1 Corey Schueneman         Kurtis MacDermid         60     1   2  2  
 2 Seth Helgeson            Jack Dougherty           40     1   2  2  

Last Minutes Offensive
   Center                   Left Wing                Right Wing               Defense                  Defense                  
   Henrik Borgstrom         Timo Meier               Andrei Svechnikov        Brandon Hickey           Corey Schueneman         

Last Minutes Defensive
   Center                   Left Wing                Right Wing               Defense                  Defense                  
   Henrik Borgstrom         Timo Meier               Andrei Svechnikov        Brandon Hickey           Corey Schueneman         

Goaltenders
Starting : Anton Khudobin           
Backup : Jake Oettinger           

Extra Forwards
Normal : Jacob Perreault, Nicholas Caamano, Ryan Wagner - PP : Jacob Perreault, Nicholas Caamano - PK : Ryan Wagner
Extra Defensemen
Normal : Devon Toews, Corey Schueneman, Seth Helgeson - PP : Devon Toews - PK : Corey Schueneman, Seth Helgeson
Penalty Shots
Timo Meier, Anthony Vincent, Alexey Toropchenko, Nicholas Caamano, Henrik Borgstrom
Custom OT Lines Forwards
Timo Meier, Andrei Svechnikov, Alexey Toropchenko, Kurtis MacDermid, Henrik Borgstrom, Brennan Saulnier, Jacob Perreault, Nicholas Caamano, Ryan Wagner, Travis Howe
Custom OT Lines Defensemen
Corey Schueneman, Jack Dougherty, Seth Helgeson, Dylan McIlrath, Devon Toews

Scratches
Alexander Kerfoot (Healthy), Bobby Lynch (Broken Ribs Injury), Jussi Olkinuora (Healthy)

Golden Knights

5 vs 5 Forward 
   Center                   Left Wing                Right Wing               Time % Phy DF OF 
 1 Jordan Staal             James van Riemsdyk       Pierre Engvall           25     1   2  2  
 2 Matthew Beniers          Zemgus Girgensons        John Hayden              25     1   2  2  
 3 Morgan Barron            Noah Gregor              Jesper Boqvist           25     1   2  2  
 4 Jordan Staal             Curtis McKenzie          Jesse Puljujarvi         25     1   2  2  

5 vs 5 Defense 
   Defense                  Defense                                           Time % Phy DF OF 
 1 Kaiden Guhle             Oliver Ekman-Larsson                              25     1   2  2  
 2 Jonas Siegenthaler       Bowen Byram                                       25     1   2  2  
 3 Ryan Murray              Braden Schneider                                  25     1   2  2  
 4 Oliver Ekman-Larsson     Jonas Siegenthaler                                25     1   2  2  

PowerPlay Forward 
   Center                   Left Wing                Right Wing               Time % Phy DF OF 
 1 Morgan Barron            James van Riemsdyk       Pierre Engvall           60     1   2  2  
 2 Matthew Beniers          Zemgus Girgensons        Jordan Staal             40     1   2  2  

PowerPlay Defense
   Defense                  Defense                                           Time % Phy DF OF 
 1 Braden Schneider         Oliver Ekman-Larsson                              60     1   2  2  
 2 Jonas Siegenthaler       Bowen Byram                                       40     1   2  2  

Penalty Kill 4 Players Forward 
   Center                   Wing                     Time % Phy DF OF 
 1 Morgan Barron            Matthew Beniers          60     1   2  2  
 2 James van Riemsdyk       Pierre Engvall           40     1   2  2  

Penalty Kill 4 Players Defense
   Defense                  Defense                  Time % Phy DF OF 
 1 Braden Schneider         Oliver Ekman-Larsson     60     1   2  2  
 2 Jonas Siegenthaler       Bowen Byram              40     1   2  2  

Penalty Kill - 3 Players Forward 
   Forward                                           Time % Phy DF OF 
 1 James van Riemsdyk                                60     1   2  2  
 2 Matthew Beniers                                   40     1   2  2  

Penalty Kill - 3 Players Defense
   Defense                  Defense                  Time % Phy DF OF 
 1 Braden Schneider         Oliver Ekman-Larsson     60     1   2  2  
 2 Jonas Siegenthaler       Bowen Byram              40     1   2  2  

4 vs 4 Forward 
   Center                   Wing                     Time % Phy DF OF 
 1 Jordan Staal             Matthew Beniers          60     1   2  2  
 2 James van Riemsdyk       Pierre Engvall           40     1   2  2  

4 vs 4 Defense
   Defense                  Defense                  Time % Phy DF OF 
 1 Braden Schneider         Oliver Ekman-Larsson     60     1   2  2  
 2 Jonas Siegenthaler       Bowen Byram              40     1   2  2  

Last Minutes Offensive
   Center                   Left Wing                Right Wing               Defense                  Defense                  
   Jordan Staal             James van Riemsdyk       Pierre Engvall           Ryan Murray              Oliver Ekman-Larsson     

Last Minutes Defensive
   Center                   Left Wing                Right Wing               Defense                  Defense                  
   Jordan Staal             James van Riemsdyk       Pierre Engvall           Ryan Murray              Oliver Ekman-Larsson     

Goaltenders
Starting : Brandon Bussi            
Backup : Jonathan Quick           

Extra Forwards
Normal : Noah Gregor, Morgan Barron, Jesper Boqvist - PP : Noah Gregor, Morgan Barron - PK : Jesper Boqvist
Extra Defensemen
Normal : Oliver Ekman-Larsson, Braden Schneider, Jonas Siegenthaler - PP : Oliver Ekman-Larsson - PK : Braden Schneider, Oliver Ekman-Larsson
Penalty Shots
Morgan Barron, Matthew Beniers, James van Riemsdyk, Pierre Engvall, Noah Gregor
Custom OT Lines Forwards
Jordan Staal, Matthew Beniers, James van Riemsdyk, Pierre Engvall, John Hayden, Zemgus Girgensons, Noah Gregor, Morgan Barron, Jesper Boqvist, Jesse Puljujarvi
Custom OT Lines Defensemen
Jordan Staal, Oliver Ekman-Larsson, Jonas Siegenthaler, Bowen Byram, Braden Schneider

Scratches
Daniel Vladar (Healthy)

% Time on Ice - Ducks

Lines # - Real PCT - Wanted PCT - Time Play
Normal Forward
1 - 26% - 25% - 11:26
2 - 26% - 25% - 11:50
3 - 24% - 25% - 10:44
4 - 24% - 25% - 10:50
Normal Defense
1 - 31% - 25% - 13:50
2 - 19% - 25% - 8:43
3 - 31% - 25% - 13:41
4 - 19% - 25% - 8:36
PP Forward
1 - 50% - 60% - 2:24
2 - 50% - 40% - 2:24
PP Defense
1 - 100% - 60% - 4:48
2 - 0% - 40% - 0:00
PK Forward
1 - 68% - 60% - 7:03
2 - 32% - 40% - 3:19
PK Defense
1 - 49% - 60% - 5:05
2 - 51% - 40% - 5:17
PK3 Forward
1 - 0% - 60%
2 - 0% - 40%
PK3 Defense
1 - 0% - 60%
2 - 0% - 40%
44 Forward
1 - 0% - 60%
2 - 0% - 40%
44 Defense
1 - 0% - 60%
2 - 0% - 40%
Last Minute Offensive  - 0:00
Last Minute Defensive  - 0:00
Total
Forward - 60:00
Defense - 60:00

% Time on Ice - Golden Knights

Lines # - Real PCT - Wanted PCT - Time Play
Normal Forward
1 - 20% - 25% - 9:01
2 - 31% - 25% - 13:59
3 - 28% - 25% - 12:26
4 - 21% - 25% - 9:24
Normal Defense
1 - 24% - 25% - 10:56
2 - 24% - 25% - 10:44
3 - 34% - 25% - 15:08
4 - 18% - 25% - 8:02
PP Forward
1 - 55% - 60% - 5:39
2 - 45% - 40% - 4:43
PP Defense
1 - 50% - 60% - 5:08
2 - 50% - 40% - 5:14
PK Forward
1 - 72% - 60% - 3:27
2 - 28% - 40% - 1:21
PK Defense
1 - 31% - 60% - 1:30
2 - 69% - 40% - 3:18
PK3 Forward
1 - 0% - 60%
2 - 0% - 40%
PK3 Defense
1 - 0% - 60%
2 - 0% - 40%
44 Forward
1 - 0% - 60%
2 - 0% - 40%
44 Defense
1 - 0% - 60%
2 - 0% - 40%
Last Minute Offensive  - 0:00
Last Minute Defensive  - 0:00
Total
Forward - 60:00
Defense - 60:00

Play-by-Play

1st period


0:01 of 1st period - James van Riemsdyk wins face-off versus Henrik Borgstrom in neutral zone.
0:03 of 1st period - Jordan Staal is hit by Henrik Borgstrom and loses puck.
0:08 of 1st period - Shot by James van Riemsdyk.
0:08 of 1st period - Shot Misses the Net.
0:10 of 1st period - Shot by Kaiden Guhle.
0:10 of 1st period - Goal by Kaiden Guhle - Ducks : 0 - Golden Knights : 1.
0:11 of 1st period - John Hayden wins face-off versus Alexey Toropchenko in neutral zone.
0:22 of 1st period - Shot by Alexey Toropchenko.
0:22 of 1st period - Stopped by Brandon Bussi with a rebound.
0:45 of 1st period - Shot by Bowen Byram.
0:45 of 1st period - Stopped by Anton Khudobin without a rebound.
0:46 of 1st period - Morgan Barron wins face-off versus Kurtis MacDermid in Ducks zone.
0:46 of 1st period - Jesper Boqvist is hit by Devon Toews and loses puck.
0:50 of 1st period - Noah Gregor is hit by Devon Toews and loses puck.
1:01 of 1st period - Shot by Noah Gregor.
1:01 of 1st period - Shot Blocked by Devon Toews.
1:06 of 1st period - Icing by Devon Toews.
1:07 of 1st period - Jordan Staal wins face-off versus Kurtis MacDermid in Ducks zone.
1:07 of 1st period - Oliver Ekman-Larsson is hit by Devon Toews and loses puck.
1:31 of 1st period - Curtis McKenzie is hit by Devon Toews and loses puck.
1:52 of 1st period - Jack Dougherty is hit by Curtis McKenzie and loses puck.
2:08 of 1st period - Off-side.
2:09 of 1st period - Henrik Borgstrom wins face-off versus Matthew Beniers in neutral zone.
2:11 of 1st period - Off-side.
2:12 of 1st period - Henrik Borgstrom wins face-off versus Morgan Barron in neutral zone.
2:35 of 1st period - Off-side.
2:36 of 1st period - Matthew Beniers wins face-off versus Brennan Saulnier in neutral zone.
2:45 of 1st period - Shot by Matthew Beniers.
2:45 of 1st period - Stopped by Anton Khudobin with a rebound.
2:47 of 1st period - Shot by Jonas Siegenthaler.
2:47 of 1st period - Stopped by Anton Khudobin with a rebound.
2:49 of 1st period - Shot by Zemgus Girgensons.
2:49 of 1st period - Shot Misses the Net.
3:49 of 1st period - James van Riemsdyk is hit by Seth Helgeson and loses puck.
4:07 of 1st period - Off-side.
4:08 of 1st period - Henrik Borgstrom wins face-off versus Morgan Barron in neutral zone.
4:46 of 1st period - Devon Toews is hit by Oliver Ekman-Larsson and loses puck.
5:47 of 1st period - Off-side.
5:48 of 1st period - Jordan Staal wins face-off versus Anthony Vincent in neutral zone.
5:48 of 1st period - Minor Penalty to Nathan Bastian for Hooking.
5:49 of 1st period - Andrei Svechnikov wins face-off versus Pierre Engvall in Ducks zone.
5:57 of 1st period - Icing by James van Riemsdyk.
5:58 of 1st period - Morgan Barron wins face-off versus Andrei Svechnikov in Golden Knights zone.
6:36 of 1st period - Icing by Pierre Engvall.
6:37 of 1st period - Jacob Perreault wins face-off versus Morgan Barron in Golden Knights zone.
8:00 of 1st period - Icing by Ryan Murray.
8:01 of 1st period - Curtis McKenzie wins face-off versus Anthony Vincent in Golden Knights zone.
8:01 of 1st period - Curtis McKenzie is hit by Nathan Bastian.
8:11 of 1st period - Shot by Bowen Byram.
8:11 of 1st period - Shot Misses the Net.
9:09 of 1st period - Jonas Siegenthaler is hit by Henrik Borgstrom and loses puck.
9:18 of 1st period - Shot by Jordan Staal.
9:18 of 1st period - Stopped by Anton Khudobin without a rebound.
9:19 of 1st period - Zemgus Girgensons wins face-off versus Ryan Wagner in Ducks zone.
9:34 of 1st period - Shot by Matthew Beniers.
9:34 of 1st period - Stopped by Anton Khudobin with a rebound.
9:36 of 1st period - Shot by Kaiden Guhle.
9:36 of 1st period - Stopped by Anton Khudobin with a rebound.
9:38 of 1st period - Shot by Kaiden Guhle.
9:38 of 1st period - Goal by Kaiden Guhle - Ducks : 0 - Golden Knights : 2.
9:39 of 1st period - Kurtis MacDermid wins face-off versus Jordan Staal in neutral zone.
10:01 of 1st period - Pierre Engvall is hit by Brandon Hickey and loses puck.
11:40 of 1st period - Andrei Svechnikov is hit by Bowen Byram and loses puck.
12:03 of 1st period - Shot by Nathan Bastian.
12:03 of 1st period - Stopped by Brandon Bussi with a rebound.
12:41 of 1st period - Shot by John Hayden.
12:41 of 1st period - Stopped by Anton Khudobin without a rebound.
12:42 of 1st period - Matthew Beniers wins face-off versus Henrik Borgstrom in Ducks zone.
12:47 of 1st period - Shot by Matthew Beniers.
12:47 of 1st period - Stopped by Anton Khudobin with a rebound.
13:00 of 1st period - John Hayden is hit by Jack Dougherty and loses puck.
13:05 of 1st period - Shot by Matthew Beniers.
13:05 of 1st period - Shot Blocked by Jack Dougherty.
13:07 of 1st period - Shot by Zemgus Girgensons.
13:07 of 1st period - Stopped by Anton Khudobin with a rebound.
13:22 of 1st period - Icing by Dylan McIlrath.
13:23 of 1st period - Henrik Borgstrom wins face-off versus Jordan Staal in Ducks zone.
13:33 of 1st period - Icing by Kaiden Guhle.
13:34 of 1st period - Jordan Staal wins face-off versus Brennan Saulnier in Golden Knights zone.
14:48 of 1st period - Shot by Jesper Boqvist.
14:48 of 1st period - Stopped by Anton Khudobin without a rebound.
14:49 of 1st period - Matthew Beniers wins face-off versus Anthony Vincent in Ducks zone.
14:49 of 1st period - Zemgus Girgensons is hit by Dylan McIlrath and loses puck.
15:32 of 1st period - Icing by Alexey Toropchenko.
15:33 of 1st period - Anthony Vincent wins face-off versus Jordan Staal in Ducks zone.
16:37 of 1st period - Shot by Jesper Boqvist.
16:37 of 1st period - Deflect By Noah Gregor.
16:37 of 1st period - Shot Misses the Net.
16:39 of 1st period - Shot by Kaiden Guhle.
16:39 of 1st period - Stopped by Anton Khudobin with a rebound.
16:43 of 1st period - Shot by Noah Gregor.
16:43 of 1st period - Shot Misses the Net.
16:45 of 1st period - Shot by Oliver Ekman-Larsson.
16:45 of 1st period - The goal is going for a video replay.
16:45 of 1st period - The goal is good.
16:45 of 1st period - Goal by Oliver Ekman-Larsson - Ducks : 0 - Golden Knights : 3.
16:46 of 1st period - Matthew Beniers wins face-off versus Kurtis MacDermid in neutral zone.
17:00 of 1st period - Off-side.
17:01 of 1st period - Andrei Svechnikov wins face-off versus Jordan Staal in neutral zone.
17:33 of 1st period - Off-side.
17:34 of 1st period - Kurtis MacDermid wins face-off versus Morgan Barron in neutral zone.
17:40 of 1st period - Minor Penalty to Seth Helgeson for Hooking.
17:41 of 1st period - Morgan Barron wins face-off versus Andrei Svechnikov in Ducks zone.
17:56 of 1st period - Shot by James van Riemsdyk.
17:56 of 1st period - Stopped by Anton Khudobin without a rebound.
17:57 of 1st period - Matthew Beniers wins face-off versus Andrei Svechnikov in Ducks zone.
18:20 of 1st period - Shot by Jonas Siegenthaler.
18:20 of 1st period - Stopped by Anton Khudobin without a rebound.
18:21 of 1st period - Morgan Barron wins face-off versus Jacob Perreault in Ducks zone.
18:24 of 1st period - Shot by Braden Schneider.
18:24 of 1st period - Stopped by Anton Khudobin without a rebound.
18:25 of 1st period - Morgan Barron wins face-off versus Andrei Svechnikov in Ducks zone.
18:45 of 1st period - Shot by Braden Schneider.
18:45 of 1st period - Shot Misses the Net.
18:47 of 1st period - Shot by Pierre Engvall.
18:47 of 1st period - Shot Blocked by Devon Toews.
18:49 of 1st period - Shot by Oliver Ekman-Larsson.
18:49 of 1st period - Shot Misses the Net.
18:51 of 1st period - Shot by Morgan Barron.
18:51 of 1st period - Stopped by Anton Khudobin with a rebound.
18:53 of 1st period - Shot by Oliver Ekman-Larsson.
18:53 of 1st period - Stopped by Anton Khudobin with a rebound.
18:55 of 1st period - Shot by Braden Schneider.
18:55 of 1st period - Stopped by Anton Khudobin without a rebound.
18:56 of 1st period - Jacob Perreault wins face-off versus Matthew Beniers in Ducks zone.
19:05 of 1st period - Nicholas Caamano is hit by Matthew Beniers.
19:15 of 1st period - Shot by Bowen Byram.
19:15 of 1st period - Stopped by Anton Khudobin with a rebound.
19:17 of 1st period - Shot by Bowen Byram.
19:17 of 1st period - Shot Misses the Net.
19:27 of 1st period - Shot by Bowen Byram.
19:27 of 1st period - Stopped by Anton Khudobin without a rebound.
19:28 of 1st period - Morgan Barron wins face-off versus Andrei Svechnikov in Ducks zone.
19:42 of 1st period - James van Riemsdyk is hit by Seth Helgeson and loses puck.
19:49 of 1st period - Oliver Ekman-Larsson is hit by Anthony Vincent.
19:53 of 1st period - Jesper Boqvist is hit by Nathan Bastian and loses puck.
Goals for this period are 0 for Ducks vs 3 for Golden Knights.
Shots for this period are 2 for Ducks vs 22 for Golden Knights.

2nd period


0:01 of 2nd period - Kurtis MacDermid wins face-off versus Jordan Staal in neutral zone.
0:34 of 2nd period - Shot by Curtis McKenzie.
0:34 of 2nd period - Shot Blocked by Dylan McIlrath.
0:36 of 2nd period - Shot by Oliver Ekman-Larsson.
0:36 of 2nd period - Stopped by Anton Khudobin without a rebound.
0:37 of 2nd period - Morgan Barron wins face-off versus Henrik Borgstrom in Ducks zone.
0:37 of 2nd period - Braden Schneider is hit by Brandon Hickey and loses puck.
0:51 of 2nd period - Noah Gregor is hit by Seth Helgeson.
0:58 of 2nd period - Morgan Barron is hit by Seth Helgeson.
1:04 of 2nd period - Shot by Noah Gregor.
1:04 of 2nd period - Stopped by Anton Khudobin with a rebound.
1:17 of 2nd period - Minor Penalty to Brandon Hickey for Hooking.
1:18 of 2nd period - Matthew Beniers wins face-off versus Andrei Svechnikov in Ducks zone.
1:43 of 2nd period - Shot by Bowen Byram.
1:43 of 2nd period - Stopped by Anton Khudobin without a rebound.
1:44 of 2nd period - Morgan Barron wins face-off versus Andrei Svechnikov in Ducks zone.
1:45 of 2nd period - Shot by Pierre Engvall.
1:45 of 2nd period - Shot Misses the Net.
1:47 of 2nd period - Shot by Morgan Barron.
1:47 of 2nd period - Deflect By James van Riemsdyk.
1:47 of 2nd period - Shot Misses the Net.
1:49 of 2nd period - Shot by Pierre Engvall.
1:49 of 2nd period - Stopped by Anton Khudobin without a rebound.
1:50 of 2nd period - Morgan Barron wins face-off versus Andrei Svechnikov in Ducks zone.
1:53 of 2nd period - Shot by Braden Schneider.
1:53 of 2nd period - Stopped by Anton Khudobin with a rebound.
2:11 of 2nd period - Shot by Devon Toews.
2:11 of 2nd period - Stopped by Brandon Bussi without a rebound.
2:12 of 2nd period - Matthew Beniers wins face-off versus Ryan Wagner in Golden Knights zone.
2:19 of 2nd period - Shot by Matthew Beniers.
2:19 of 2nd period - Shot Blocked by Andrei Svechnikov.
2:29 of 2nd period - Shot by Matthew Beniers.
2:29 of 2nd period - Shot Misses the Net.
2:36 of 2nd period - Icing by Matthew Beniers.
2:37 of 2nd period - Matthew Beniers wins face-off versus Andrei Svechnikov in Golden Knights zone.
2:44 of 2nd period - Shot by Bowen Byram.
2:44 of 2nd period - Shot Blocked by Kurtis MacDermid.
2:54 of 2nd period - Shot by Jonas Siegenthaler.
2:54 of 2nd period - Shot Misses the Net.
3:16 of 2nd period - Off-side.
3:17 of 2nd period - Morgan Barron wins face-off versus Anthony Vincent in neutral zone.
4:02 of 2nd period - Devon Toews is hit by Noah Gregor and loses puck.
4:11 of 2nd period - Shot by Corey Schueneman.
4:11 of 2nd period - Stopped by Brandon Bussi without a rebound.
4:12 of 2nd period - Brennan Saulnier wins face-off versus Jordan Staal in Golden Knights zone.
5:17 of 2nd period - Shot by Timo Meier.
5:17 of 2nd period - Goal by Timo Meier - Ducks : 1 - Golden Knights : 3.
5:18 of 2nd period - Travis Howe wins face-off versus John Hayden in neutral zone.
6:01 of 2nd period - Kaiden Guhle is hit by Jacob Perreault.
6:02 of 2nd period - Minor Penalty to Travis Howe for Tripping.
6:03 of 2nd period - Andrei Svechnikov wins face-off versus Pierre Engvall in Ducks zone.
6:09 of 2nd period - Icing by Pierre Engvall.
6:10 of 2nd period - Andrei Svechnikov wins face-off versus Morgan Barron in Golden Knights zone.
7:12 of 2nd period - Shot by Braden Schneider.
7:12 of 2nd period - Shot Misses the Net.
7:14 of 2nd period - Shot by Matthew Beniers.
7:14 of 2nd period - Stopped by Anton Khudobin with a rebound.
7:22 of 2nd period - Shot by Matthew Beniers.
7:22 of 2nd period - Stopped by Anton Khudobin without a rebound.
7:23 of 2nd period - Morgan Barron wins face-off versus Andrei Svechnikov in Ducks zone.
8:25 of 2nd period - Shot by Alexey Toropchenko.
8:25 of 2nd period - Goal by Alexey Toropchenko - Ducks : 2 - Golden Knights : 3.
8:26 of 2nd period - Matthew Beniers wins face-off versus Henrik Borgstrom in neutral zone.
8:33 of 2nd period - Shot by Zemgus Girgensons.
8:33 of 2nd period - Stopped by Anton Khudobin without a rebound.
8:34 of 2nd period - Henrik Borgstrom wins face-off versus Morgan Barron in Ducks zone.
9:12 of 2nd period - Henrik Borgstrom is hit by John Hayden and loses puck.
9:34 of 2nd period - Icing by Dylan McIlrath.
9:35 of 2nd period - Henrik Borgstrom wins face-off versus Jordan Staal in Ducks zone.
10:31 of 2nd period - Shot by John Hayden.
10:31 of 2nd period - Shot Misses the Net.
10:33 of 2nd period - Shot by Zemgus Girgensons.
10:33 of 2nd period - Shot Misses the Net.
10:39 of 2nd period - Shot by Matthew Beniers.
10:39 of 2nd period - Stopped by Anton Khudobin without a rebound.
10:40 of 2nd period - Morgan Barron wins face-off versus Nicholas Caamano in Ducks zone.
10:41 of 2nd period - Shot by Braden Schneider.
10:41 of 2nd period - Stopped by Anton Khudobin without a rebound.
10:42 of 2nd period - Kurtis MacDermid wins face-off versus Morgan Barron in Ducks zone.
10:49 of 2nd period - Shot by Morgan Barron.
10:49 of 2nd period - Stopped by Anton Khudobin without a rebound.
10:50 of 2nd period - Brennan Saulnier wins face-off versus Matthew Beniers in Ducks zone.
10:50 of 2nd period - Brennan Saulnier is hit by John Hayden.
11:20 of 2nd period - Shot by Andrei Svechnikov.
11:20 of 2nd period - Stopped by Brandon Bussi without a rebound.
11:21 of 2nd period - Jordan Staal wins face-off versus Kurtis MacDermid in Golden Knights zone.
11:21 of 2nd period - Jordan Staal is hit by Nicholas Caamano.
11:28 of 2nd period - Oliver Ekman-Larsson is hit by Seth Helgeson and loses puck.
11:57 of 2nd period - Shot by Curtis McKenzie.
11:57 of 2nd period - Shot Blocked by Seth Helgeson.
12:02 of 2nd period - Icing by Seth Helgeson.
12:03 of 2nd period - Morgan Barron wins face-off versus Kurtis MacDermid in Ducks zone.
12:05 of 2nd period - Jesper Boqvist is hit by Seth Helgeson and loses puck.
13:36 of 2nd period - Icing by Dylan McIlrath.
13:37 of 2nd period - Jordan Staal wins face-off versus Brennan Saulnier in Ducks zone.
13:44 of 2nd period - Shot by Brennan Saulnier.
13:44 of 2nd period - Shot Misses the Net.
14:09 of 2nd period - Icing by Kaiden Guhle.
14:10 of 2nd period - Henrik Borgstrom wins face-off versus Jordan Staal in Golden Knights zone.
14:16 of 2nd period - Jordan Staal is hit by Henrik Borgstrom and loses puck.
14:22 of 2nd period - Off-side.
14:23 of 2nd period - Anthony Vincent wins face-off versus Morgan Barron in neutral zone.
14:47 of 2nd period - Shot by Alexey Toropchenko.
14:47 of 2nd period - Stopped by Brandon Bussi without a rebound.
14:48 of 2nd period - Matthew Beniers wins face-off versus Kurtis MacDermid in Golden Knights zone.
14:48 of 2nd period - Matthew Beniers is hit by Kurtis MacDermid.
14:58 of 2nd period - Shot by Timo Meier.
14:58 of 2nd period - Shot Misses the Net.
15:12 of 2nd period - Shot by John Hayden.
15:12 of 2nd period - Shot Misses the Net.
15:52 of 2nd period - James van Riemsdyk is hit by Nathan Bastian and loses puck.
16:17 of 2nd period - Shot by Jordan Staal.
16:17 of 2nd period - Shot Misses the Net.
16:38 of 2nd period - Minor Penalty to Seth Helgeson for Cross-checking.
16:39 of 2nd period - Andrei Svechnikov wins face-off versus Morgan Barron in Ducks zone.
16:51 of 2nd period - Shot by Bowen Byram.
16:51 of 2nd period - Shot Misses the Net.
16:53 of 2nd period - Shot by Morgan Barron.
16:53 of 2nd period - Shot Misses the Net.
17:19 of 2nd period - Shot by Oliver Ekman-Larsson.
17:19 of 2nd period - Shot Misses the Net.
17:21 of 2nd period - Shot by Zemgus Girgensons.
17:21 of 2nd period - Stopped by Anton Khudobin with a rebound.
17:23 of 2nd period - Shot by Oliver Ekman-Larsson.
17:23 of 2nd period - Shot Hit the Post.
17:25 of 2nd period - Shot by Jordan Staal.
17:25 of 2nd period - Shot Misses the Net.
17:27 of 2nd period - Shot by Matthew Beniers.
17:27 of 2nd period - Stopped by Anton Khudobin without a rebound.
17:28 of 2nd period - Matthew Beniers wins face-off versus Jacob Perreault in Ducks zone.
17:29 of 2nd period - Shot by Jordan Staal.
17:29 of 2nd period - Stopped by Anton Khudobin with a rebound.
19:03 of 2nd period - Off-side.
19:04 of 2nd period - Matthew Beniers wins face-off versus Henrik Borgstrom in neutral zone.
19:29 of 2nd period - Shot by Matthew Beniers.
19:29 of 2nd period - Stopped by Anton Khudobin without a rebound.
19:30 of 2nd period - Jordan Staal wins face-off versus Anthony Vincent in Ducks zone.
Goals for this period are 2 for Ducks vs 0 for Golden Knights.
Shots for this period are 6 for Ducks vs 15 for Golden Knights.

3rd period


0:01 of 3rd period - Jordan Staal wins face-off versus Brennan Saulnier in neutral zone.
0:18 of 3rd period - Shot by Ryan Wagner.
0:18 of 3rd period - Shot Blocked by Jordan Staal.
0:20 of 3rd period - Shot by Dylan McIlrath.
0:20 of 3rd period - Stopped by Brandon Bussi without a rebound.
0:21 of 3rd period - Jesper Boqvist wins face-off versus Kurtis MacDermid in Golden Knights zone.
0:21 of 3rd period - Ryan Murray is hit by Kurtis MacDermid and loses puck.
0:32 of 3rd period - Noah Gregor is hit by Brandon Hickey and loses puck.
0:37 of 3rd period - Shot by Jesper Boqvist.
0:37 of 3rd period - Shot Misses the Net.
0:39 of 3rd period - Shot by Morgan Barron.
0:39 of 3rd period - Shot Hit the Post.
1:25 of 3rd period - Shot by Oliver Ekman-Larsson.
1:25 of 3rd period - Stopped by Anton Khudobin with a rebound.
1:34 of 3rd period - Shot by Ryan Wagner.
1:34 of 3rd period - Shot Blocked by James van Riemsdyk.
1:36 of 3rd period - Shot by Ryan Wagner.
1:36 of 3rd period - Stopped by Brandon Bussi without a rebound.
1:37 of 3rd period - Anthony Vincent wins face-off versus Matthew Beniers in Golden Knights zone.
1:58 of 3rd period - Shot by Alexey Toropchenko.
1:58 of 3rd period - Shot Misses the Net.
2:49 of 3rd period - Shot by Jacob Perreault.
2:49 of 3rd period - Stopped by Brandon Bussi without a rebound.
2:50 of 3rd period - Brennan Saulnier wins face-off versus Morgan Barron in Golden Knights zone.
3:28 of 3rd period - Morgan Barron is hit by Ryan Wagner and loses puck.
3:32 of 3rd period - Icing by Braden Schneider.
3:33 of 3rd period - Kurtis MacDermid wins face-off versus Noah Gregor in Golden Knights zone.
3:46 of 3rd period - Shot by Timo Meier.
3:46 of 3rd period - Deflect By Nicholas Caamano.
3:46 of 3rd period - Shot Misses the Net.
3:51 of 3rd period - Off-side.
3:52 of 3rd period - Jordan Staal wins face-off versus Henrik Borgstrom in neutral zone.
4:25 of 3rd period - Shot by Jacob Perreault.
4:25 of 3rd period - Deflect By Henrik Borgstrom.
4:25 of 3rd period - Stopped by Brandon Bussi with a rebound.
5:17 of 3rd period - Shot by Timo Meier.
5:17 of 3rd period - Shot Misses the Net.
6:31 of 3rd period - Pierre Engvall is hit by Dylan McIlrath and loses puck.
7:32 of 3rd period - Minor Penalty to John Hayden for Cross-checking.
7:33 of 3rd period - Morgan Barron wins face-off versus Henrik Borgstrom in Golden Knights zone.
7:39 of 3rd period - Icing by Devon Toews.
7:40 of 3rd period - Morgan Barron wins face-off versus Henrik Borgstrom in Ducks zone.
7:56 of 3rd period - Shot by Devon Toews.
7:56 of 3rd period - Stopped by Brandon Bussi without a rebound.
7:57 of 3rd period - Morgan Barron wins face-off versus Timo Meier in Golden Knights zone.
8:55 of 3rd period - Shot by Henrik Borgstrom.
8:55 of 3rd period - Stopped by Brandon Bussi without a rebound.
8:56 of 3rd period - Henrik Borgstrom wins face-off versus Morgan Barron in Golden Knights zone.
9:21 of 3rd period - Shot by Nicholas Caamano.
9:21 of 3rd period - Stopped by Brandon Bussi without a rebound.
9:22 of 3rd period - James van Riemsdyk wins face-off versus Timo Meier in Golden Knights zone.
9:36 of 3rd period - Off-side.
9:37 of 3rd period - Anthony Vincent wins face-off versus Jordan Staal in neutral zone.
9:44 of 3rd period - Shot by Anthony Vincent.
9:44 of 3rd period - Shot Blocked by Ryan Murray.
9:56 of 3rd period - Icing by Seth Helgeson.
9:57 of 3rd period - Anthony Vincent wins face-off versus Matthew Beniers in Ducks zone.
10:11 of 3rd period - Alexey Toropchenko is hit by Oliver Ekman-Larsson and loses puck.
10:31 of 3rd period - Shot by John Hayden.
10:31 of 3rd period - Goal by John Hayden - Ducks : 2 - Golden Knights : 4.
10:32 of 3rd period - Brennan Saulnier wins face-off versus Morgan Barron in neutral zone.
10:36 of 3rd period - Ryan Wagner is hit by Bowen Byram and loses puck.
10:45 of 3rd period - Shot by Brennan Saulnier.
10:45 of 3rd period - Shot Misses the Net.
10:57 of 3rd period - Minor Penalty to Andrei Svechnikov for Hooking.
10:58 of 3rd period - Henrik Borgstrom wins face-off versus Morgan Barron in Ducks zone.
11:24 of 3rd period - Shot by James van Riemsdyk.
11:24 of 3rd period - Goal by James van Riemsdyk - Ducks : 2 - Golden Knights : 5.
11:25 of 3rd period - Jordan Staal wins face-off versus Timo Meier in neutral zone.
12:27 of 3rd period - Shot by Nathan Bastian.
12:27 of 3rd period - Shot Misses the Net.
12:29 of 3rd period - Shot by Nathan Bastian.
12:29 of 3rd period - Shot Misses the Net.
12:31 of 3rd period - Shot by Nathan Bastian.
12:31 of 3rd period - Stopped by Brandon Bussi without a rebound.
12:32 of 3rd period - Brennan Saulnier wins face-off versus Morgan Barron in Golden Knights zone.
12:44 of 3rd period - Icing by Brandon Hickey.
12:45 of 3rd period - Brennan Saulnier wins face-off versus Matthew Beniers in Ducks zone.
12:57 of 3rd period - Icing by Braden Schneider.
12:58 of 3rd period - Matthew Beniers wins face-off versus Henrik Borgstrom in Golden Knights zone.
12:58 of 3rd period - Matthew Beniers is hit by Henrik Borgstrom.
13:51 of 3rd period - Shot by Devon Toews.
13:51 of 3rd period - Stopped by Brandon Bussi without a rebound.
13:52 of 3rd period - Brennan Saulnier wins face-off versus Morgan Barron in Golden Knights zone.
13:54 of 3rd period - Minor Penalty to Jonas Siegenthaler for Slashing.
13:55 of 3rd period - Henrik Borgstrom wins face-off versus Matthew Beniers in Golden Knights zone.
14:12 of 3rd period - Matthew Beniers is hit by Nicholas Caamano and loses puck.
14:22 of 3rd period - Icing by Nicholas Caamano.
14:23 of 3rd period - Henrik Borgstrom wins face-off versus Morgan Barron in Ducks zone.
14:52 of 3rd period - Icing by Henrik Borgstrom.
14:53 of 3rd period - Henrik Borgstrom wins face-off versus Morgan Barron in Ducks zone.
16:14 of 3rd period - Shot by Alexey Toropchenko.
16:14 of 3rd period - Deflect By Nathan Bastian.
16:14 of 3rd period - Shot Misses the Net.
16:16 of 3rd period - Shot by Brandon Hickey.
16:16 of 3rd period - Shot Misses the Net.
16:18 of 3rd period - Shot by Alexey Toropchenko.
16:18 of 3rd period - Shot Blocked by Jonas Siegenthaler.
16:20 of 3rd period - Shot by Nathan Bastian.
16:20 of 3rd period - Goal by Nathan Bastian - Ducks : 3 - Golden Knights : 5.
16:21 of 3rd period - John Hayden wins face-off versus Brennan Saulnier in neutral zone.
16:28 of 3rd period - Shot by Matthew Beniers.
16:28 of 3rd period - Shot Misses the Net.
16:30 of 3rd period - Shot by Zemgus Girgensons.
16:30 of 3rd period - Goal by Zemgus Girgensons - Ducks : 3 - Golden Knights : 6.
16:31 of 3rd period - Morgan Barron wins face-off versus Kurtis MacDermid in neutral zone.
16:37 of 3rd period - Shot by Morgan Barron.
16:37 of 3rd period - Shot Misses the Net.
17:22 of 3rd period - Bowen Byram is hit by Alexey Toropchenko and loses puck.
17:27 of 3rd period - Alexey Toropchenko is hit by Jordan Staal and loses puck.
17:43 of 3rd period - Off-side.
17:44 of 3rd period - Brennan Saulnier wins face-off versus Matthew Beniers in neutral zone.
17:50 of 3rd period - Shot by Andrei Svechnikov.
17:50 of 3rd period - Stopped by Brandon Bussi without a rebound.
17:51 of 3rd period - Matthew Beniers wins face-off versus Jacob Perreault in Golden Knights zone.
18:00 of 3rd period - Braden Schneider is hit by Jacob Perreault and loses puck.
18:40 of 3rd period - Shot by Andrei Svechnikov.
18:40 of 3rd period - Shot Blocked by Braden Schneider.
18:42 of 3rd period - Shot by Andrei Svechnikov.
18:42 of 3rd period - Deflect By Brennan Saulnier.
18:42 of 3rd period - Shot Misses the Net.
19:09 of 3rd period - Minor Penalty to Braden Schneider for Holding.
19:10 of 3rd period - Pierre Engvall wins face-off versus Timo Meier in Golden Knights zone.
Goals for this period are 1 for Ducks vs 3 for Golden Knights.
Shots for this period are 11 for Ducks vs 4 for Golden Knights.